 Dungeon Crawl Stone Soup version 0.26-a0-652-gafc20e3620 (webtiles) character file.

Game seed: 953909634156311627

28792 rogsnak the Thaumaturge (level 13, 0/98 HPs)
             Began as a Gnoll Hedge Wizard on Oct 2, 2020.
             Was a High Priest of Sif Muna.
             Slain by Jorgrun
             ... wielding a +0 vorpal quarterstaff
              (13 damage)
             ... on level 12 of the Dungeon on Oct 3, 2020.
             The game lasted 01:30:52 (17583 turns).

rogsnak the Thaumaturge (Gnoll Hedge Wizard)       Turns: 17583, Time: 01:30:53

Health: 0/98       AC: 11    Str: 14    XL:     13   Next: 41%
Magic:  0/27       EV: 17    Int: 26    God:    Sif Muna [*****.]
Gold:   665        SH:  7    Dex: 18    Spells: 19/33 levels left

rFire    . . .     SeeInvis .   G - staff of poison
rCold    + . .     Faith    .   H - +0 buckler
rNeg     + . .     Spirit   .   u - +2 ring mail {rC+}
rPois    +         Reflect  .   c - +0 hat
rElec    .         Harm     .   S - +0 cloak
rCorr    .         Rampage  .   (no gloves)
MR       +....                  Z - +0 pair of boots
Stlth    +++++.....             e - amulet of regeneration
HPRegen  0.66/turn              L - +6 ring of intelligence
MPRegen  0.20/turn              K - ring of Syndicalism {rN+ MR+ Dex+3 Stlth+}

@: no status effects
A: distributed training, fangs 1, strong nose
a: Channel Magic, Forget Spell, Divine Exegesis, Renounce Religion


You were on level 12 of the Dungeon.
You worshipped Sif Muna.
Sif Muna was extremely pleased with you.
You visited 2 branches of the dungeon, and saw 16 of its levels.

You collected 953 gold pieces.
You spent 288 gold pieces at shops.

Inventory:

Hand Weapons
 R - a +5 long sword of freezing
 Y - the +2 morningstar of Wasokk Wode {holy, rElec rC+ rN+ Str-2}
   (You bought it in a shop on level 6 of the Dungeon)

   It has been blessed by the Shining One to cause great damage to the undead
   and demons.
   It affects your strength (-2).
   It protects you from cold.
   It insulates you from electricity.
   It protects you from negative energy.
Missiles
 b - 13 curare-tipped darts
 h - 6 atropa-tipped darts
 C - 146 poisoned darts (quivered)
Armour
 c - a +0 hat (worn)
 g - a +0 leather armour of fire resistance
 j - a +0 troll leather armour
 u - a +2 ring mail of cold resistance (worn)
 H - a +0 buckler (worn)
 S - a +0 cloak (worn)
 Z - a +0 pair of boots (worn)
Magical Staves
 F - an uncursed staff of air
 G - an uncursed staff of poison (weapon)
Jewellery
 e - an amulet of regeneration (around neck)
 o - an uncursed ring of see invisible
 q - an uncursed amulet of magic regeneration
 A - an uncursed ring of ice
 E - an uncursed ring of protection from fire
 K - the ring of Syndicalism (right hand) {rN+ MR+ Dex+3 Stlth+}
   (You found it on level 4 of the Dungeon)

   [ring of stealth]

   It affects your dexterity (+3).
   It protects you from negative energy.
   It affects your resistance to hostile enchantments.
   It makes you more stealthy.
 L - a +6 ring of intelligence (left hand)
 M - an uncursed ring of resist corrosion
 X - an uncursed ring of flight
Wands
 d - a wand of enslavement (10)
 s - a wand of digging (4)
 B - a wand of iceblast (7)
 N - a wand of acid (30)
 Q - a wand of disintegration (10)
 T - a wand of polymorph (19)
Scrolls
 f - 3 scrolls of fog
 k - a scroll of fear
 m - a scroll of immolation
 n - a scroll of silence
 r - 8 scrolls of remove curse
 t - 5 scrolls of teleportation
 v - 4 scrolls of amnesia
 I - 3 scrolls of enchant armour
 O - 2 scrolls of blinking
 V - a scroll of brand weapon
Potions
 a - a potion of berserk rage
 i - a potion of haste
 l - 2 potions of resistance
 p - 3 potions of lignification
 x - a potion of ambrosia
 y - a potion of cancellation
 z - 2 potions of brilliance
 J - 4 potions of mutation
 P - a potion of stabbing
 U - 7 potions of flight {unknown}
 W - 2 potions of curing
Miscellaneous
 w - a lightning rod (4/4)


   Skills:
 + Level 8.2 Fighting
 + Level 8.2 Short Blades
 + Level 8.2 Long Blades
 + Level 8.2 Axes
 + Level 8.2 Maces & Flails
 + Level 8.2 Polearms
 + Level 8.2 Staves
 + Level 8.2 Slings
 + Level 8.2 Bows
 + Level 8.2 Crossbows
 + Level 8.2 Throwing
 + Level 8.2 Armour
 + Level 9.5 Dodging
 + Level 9.3 Stealth
 + Level 8.2 Shields
 + Level 8.2 Unarmed Combat
 + Level 10.8 Spellcasting
 + Level 7.2 Conjurations
 + Level 6.9 Hexes
 + Level 7.2 Summonings
 + Level 6.9 Necromancy
 + Level 7.2 Translocations
 + Level 6.9 Transmutations
 + Level 6.9 Fire Magic
 + Level 6.9 Ice Magic
 + Level 6.9 Air Magic
 + Level 6.9 Earth Magic
 + Level 6.9 Poison Magic
 + Level 9.0 Invocations
 + Level 8.2 Evocations


You had 19 spell levels left.
You knew the following spells:

 Your Spells              Type           Power        Failure   Level
a - Magic Dart            Conj           ####         1%          1
b - Blink                 Tloc           N/A          1%          2
c - Mephitic Cloud        Conj/Pois/Air  ######..     1%          3
d - Ignite Poison         Fire/Tmut/Pois ######..     1%          3
e - Borgnjor's Vile Clut  Necr/Erth      ######....   12%         5

Your spell library contained the following spells:

 Spells                   Type           Power        Failure   Level
 Shock                    Conj/Air       ####         1%          1
 Sting                    Tmut/Pois      ####         1%          1
 Summon Small Mammal      Summ           ####         1%          1
 Call Imp                 Summ           ######..     1%          2
 Poisonous Vapours        Pois/Air       ######       1%          2
 Slow                     Hex            ######..     1%          2
 Swiftness                Air            ######..     1%          2
 Call Canine Familiar     Summ           ######..     1%          3
 Confusing Touch          Hex            ######..     1%          3
 Conjure Flame            Conj/Fire      ######..     1%          3
 Gell's Gravitas          Tloc           ######....   1%          3
 Static Discharge         Conj/Air       ######..     1%          3
 Summon Guardian Golem    Hex/Summ       ######..     1%          3
 Airstrike                Air            ######....   4%          4
 Animate Dead             Necr           ######....   4%          4
 Fulminant Prism          Conj/Hex       ######....   4%          4
 Olgreb's Toxic Radiance  Pois           ######..     4%          4
 Petrify                  Tmut/Erth      ######..     4%          4
 Summon Ice Beast         Ice/Summ       ######..     4%          4
 Summon Lightning Spire   Summ/Air       ######..     4%          4
 Lightning Bolt           Conj/Air       ######....   12%         5
 Metabolic Englaciation   Hex/Ice        ######....   12%         5
 Yara's Violent Unravell  Hex/Tmut       ######....   12%         5
 Iron Shot                Conj/Erth      ######....   54%         6
 Death Channel            Necr           ######....   56%         6
 Simulacrum               Ice/Necr       ######....   56%         6
 Haunt                    Necr/Summ      ######....   98%         7
 Chain Lightning          Conj/Air       ######....   100%        8
 Dragon's Call            Summ           ######....   100%        9


Dungeon Overview and Level Annotations

Branches:
Dungeon (15/15)            Temple (1/1) D:5            Lair (0/6) D:8
    Orc (0/2) D:12
 Vaults: D:13-14     Depths: D:15

Altars:
Ashenzari
Cheibriados
Dithmenos
Elyvilon
Gozag
Kikubaaqudgha
Nemelex Xobeh
Okawaru
Sif Muna
Trog
Uskayaw
Vehumet
Wu Jian
Xom
Yredelemnul
Zin
The Shining One
Beogh

Shops:
D:6 (   D:7 *

Annotations:
D:4 Eustachio
D:12 Jorgrun
D:13 Nessos


Innate Abilities, Weirdness & Mutations

Your experience applies equally to all skills.
You have very sharp teeth.
Your uncanny sense of smell can sniff out nearby items.


Message History

Jorgrun is engulfed in noxious fumes.
Unknown command.
Jorgrun is engulfed in noxious fumes.
Jorgrun points at you and mumbles some strange words.
Roots burst forth from the earth!
The grasping roots grab you!
* * * LOW HITPOINT WARNING * * *
The grasping roots constrict you!
Unknown command.
Casting: Mephitic Cloud (safe; 1% risk of failure)
Confirm with . or Enter, or press ? or * to list all spells.
You escape the roots' grasp.
You blink.
Jorgrun casts a spell at you.
You easily resist.
The vault guard completely misses you.
Unknown command.
As you read the scroll of fear, it crumbles to dust.
You assume a fearsome visage.
The vault guard looks frightened!
Jorgrun resists with some effort.
Jorgrun hits you with a +0 vorpal quarterstaff!
You die...

#.#..#.# #.#..#.# ##
#.#..#.# #. #.#..#.# #.
#.#..#.############ #.
#.#..#............# ##
#.#..########.....#####
#.#..p.g..°○...>.......
#.#.##@...☼°......)....
#.#.##...####.#........
#.#......'......#..####
#.####.(.####.#.#..#
#.# #...# #......# #.#
#...# #.#.##.#### #.#
##### #.#.#...... #.#
#.#.#..#### #.#
#.#.#....#<


You could see Jorgrun and a vault guard (fleeing).

Vanquished Creatures
  2 hydras
  3 vault guards
  2 centaur warriors
  4 two-headed ogres
  2 unseen horrors
  A deep elf mage (D:15)
  3 ugly things
  An orc knight (D:15)
  2 cyclopes (D:12)
  3 manticores
  Maurice (D:13)
  3 centaur zombies
  2 kobold demonologists
  2 komodo dragons (D:15)
  A hornet (D:10)
  3 trolls
  A hippogriff (D:12)
  A vampire (D:14)
  A shadow (D:15)
  A wyvern (D:11)
  10 yaks
  3 wraiths
  A basilisk (D:11)
  A steam dragon (D:10)
  3 vampire mosquitoes
  Menkaure (D:4)
  2 water moccasins
  An ice beast (D:8)
  15 orc warriors
  2 sky beasts
  3 necrophages (D:8)
  2 phantoms
  5 black bears
  An eye of draining (D:15)
  6 ogres
  7 centaurs
  2 crocodiles
  23 big kobolds
  8 bullfrogs
  A gnoll sergeant (D:9)
  2 wyvern skeletons
  8 scorpions
  11 killer bees
  15 wights
  5 howler monkeys
  2 bullfrog zombies
  5 centaur skeletons
  2 jellies
  7 orc priests
  4 human zombies (D:8)
  Crazy Yiuf (D:7)
  5 hounds
  4 bullfrog skeletons
  An iguana (D:7)
  13 orc wizards
  Terence (D:2)
  7 worker ants
  A hound zombie (D:5)
  3 hound skeletons
  2 worker ant zombies
  14 gnolls
  10 adders
  3 shadow imps
  5 white imps
  3 ufetubi
  An adder skeleton (D:10)
  An adder zombie (D:6)
  7 dart slugs
  6 leopard geckos
  58 orcs
  10 giant cockroaches
  6 goblins
  8 hobgoblins
  20 jackals
  37 kobolds
  A quokka (D:9)
  A ball python (D:6)
  9 bats
  A frilled lizard (D:4)
  2 leopard gecko skeletons
  An orc zombie (D:8)
  A quokka skeleton (D:6)
  A quokka zombie (D:6)
  3 rats (D:3)
444 creatures vanquished.

Vanquished Creatures (collateral kills)
  2 killer bees
2 creatures vanquished.

Vanquished Creatures (others)
  2 plants (D:6)
2 creatures vanquished.

Grand Total: 448 creatures vanquished

Notes
Turn   | Place    | Note
-------+----------+-------------------------------------------
     0 | D:1      | rogsnak the Gnoll Hedge Wizard began the quest for the Orb.
     0 | D:1      | Reached XP level 1. HP: 13/13 MP: 8/8
   125 | D:1      | Reached XP level 2. HP: 19/19 MP: 0/10
   331 | D:1      | Learned a level 2 spell: Blink
  1244 | D:2      | Noticed Terence
  1317 | D:2      | Found a shadowy altar of Dithmenos.
  1392 | D:2      | Reached XP level 3. HP: 25/25 MP: 11/11
  1685 | D:1      | Learned a level 3 spell: Mephitic Cloud
  1695 | D:2      | Killed Terence
  1695 | D:2      | Reached skill level 1 in Fighting
  1695 | D:2      | Reached skill level 1 in Short Blades
  1695 | D:2      | Reached skill level 1 in Long Blades
  1695 | D:2      | Reached skill level 1 in Axes
  1695 | D:2      | Reached skill level 1 in Maces & Flails
  1695 | D:2      | Reached skill level 1 in Polearms
  1695 | D:2      | Reached skill level 1 in Staves
  1695 | D:2      | Reached skill level 1 in Slings
  1695 | D:2      | Reached skill level 1 in Bows
  1695 | D:2      | Reached skill level 1 in Crossbows
  1695 | D:2      | Reached skill level 1 in Throwing
  1695 | D:2      | Reached skill level 1 in Armour
  1695 | D:2      | Reached skill level 1 in Shields
  1695 | D:2      | Reached skill level 1 in Unarmed Combat
  1695 | D:2      | Reached skill level 1 in Invocations
  1695 | D:2      | Reached skill level 1 in Evocations
  1695 | D:2      | Reached XP level 4. HP: 32/32 MP: 9/13
  2348 | D:3      | Reached skill level 1 in Hexes
  2348 | D:3      | Reached skill level 1 in Necromancy
  2348 | D:3      | Reached skill level 1 in Transmutations
  2348 | D:3      | Reached skill level 1 in Fire Magic
  2348 | D:3      | Reached skill level 1 in Ice Magic
  2348 | D:3      | Reached skill level 1 in Air Magic
  2348 | D:3      | Reached skill level 1 in Earth Magic
  2348 | D:3      | Reached skill level 1 in Poison Magic
  2641 | D:3      | Found a white marble altar of Elyvilon.
  3059 | D:3      | Reached XP level 5. HP: 37/37 MP: 1/14
  3772 | D:3      | Reached XP level 6. HP: 37/44 MP: 5/16
  3969 | D:4      | Found a snail-covered altar of Cheibriados.
  4182 | D:4      | Reached skill level 5 in Dodging
  4391 | D:4      | Found an ornate altar of the Wu Jian Council.
  4466 | D:4      | Noticed a phantom
  4495 | D:4      | Killed a phantom
  4631 | D:4      | Got a translucent bronze ring
  4641 | D:4      | Identified the ring of Syndicalism {rN+ MR+ Dex+3 Stlth+}
                  | (You found it on level 4 of the Dungeon)
  4701 | D:4      | You fall into a shaft and drop 3 floors!
  4723 | D:7      | Reached XP level 7. HP: 20/50 MP: 7/18
  5040 | D:7      | Reached skill level 5 in Stealth
  5404 | D:7      | Found a runed translucent door.
  5405 | D:7      | Noticed Crazy Yiuf
  5430 | D:7      | Killed Crazy Yiuf
  5430 | D:7      | Reached XP level 8. HP: 56/57 MP: 4/19
  5713 | D:7      | Found Pucasmaf's Assorted Antiques.
  5878 | D:6      | Reached skill level 8 in Spellcasting
  6751 | D:5      | Entered Level 5 of the Dungeon
  6816 | D:5      | Found a glowing golden altar of the Shining One.
  6962 | D:5      | Found an ancient bone altar of Kikubaaqudgha.
  7003 | D:5      | Found a staircase to the Ecumenical Temple.
  7012 | Temple   | Entered the Ecumenical Temple
  7041 | Temple   | Became a worshipper of Sif Muna the Loreminder
  7603 | D:4      | Noticed Eustachio
  7617 | D:4      | Noticed Eustachio
  7617 | D:4      | Eustachio changed into Eustachio the shapeshifter
  7617 | D:4      | Noticed Eustachio
  7617 | D:4      | Eustachio the shapeshifter changed into Eustachio the
                  | komodo dragon
  7626 | D:4      | Noticed Eustachio
  7626 | D:4      | Eustachio the komodo dragon changed into Eustachio the
                  | hippogriff
  7916 | D:4      | Noticed Menkaure
  7919 | D:4      | Killed Menkaure
  7919 | D:4      | Reached XP level 9. HP: 37/65 MP: 18/21
  8035 | D:4      | Noticed Eustachio
  8048 | D:4      | Noticed Eustachio
  8070 | D:4      | Noticed Eustachio
  8076 | D:4      | Eustachio the polar bear changed into Eustachio the
                  | basilisk
  8086 | D:4      | Noticed Eustachio
  8318 | D:6      | Noticed a black mamba
  8323 | D:6      | a black mamba changed into a black bear
  8464 | D:6      | Found Fogipai's Antique Weapon Shop.
  8470 | D:6      | Bought an iridescent morningstar for 288 gold pieces
  8470 | D:6      | Identified the +2 morningstar of Wasokk Wode {holy, rElec
                  | rC+ rN+ Str-2} (You bought it in a shop on level 6 of the
                  | Dungeon)
  8638 | D:8      | Reached * piety under Sif Muna
  8833 | D:8      | Noticed a kobold demonologist
  9029 | D:7      | Reached skill level 5 in Invocations
  9116 | D:8      | Noticed a rust devil
  9124 | D:8      | Found an iron altar of Okawaru.
  9133 | D:8      | Noticed an orange demon
  9160 | D:7      | Killed a kobold demonologist
  9160 | D:7      | Reached XP level 10. HP: 73/73 MP: 17/22
  9245 | D:8      | Reached ** piety under Sif Muna
  9245 | D:8      | Reached skill level 5 in Fighting
  9245 | D:8      | Reached skill level 5 in Short Blades
  9245 | D:8      | Reached skill level 5 in Long Blades
  9245 | D:8      | Reached skill level 5 in Axes
  9245 | D:8      | Reached skill level 5 in Maces & Flails
  9245 | D:8      | Reached skill level 5 in Polearms
  9245 | D:8      | Reached skill level 5 in Staves
  9245 | D:8      | Reached skill level 5 in Slings
  9245 | D:8      | Reached skill level 5 in Bows
  9245 | D:8      | Reached skill level 5 in Crossbows
  9245 | D:8      | Reached skill level 5 in Throwing
  9245 | D:8      | Reached skill level 5 in Armour
  9245 | D:8      | Reached skill level 5 in Shields
  9245 | D:8      | Reached skill level 5 in Unarmed Combat
  9245 | D:8      | Reached skill level 5 in Evocations
  9282 | D:8      | Found a radiant altar of Vehumet.
  9520 | D:8      | Found a sparkling altar of Nemelex Xobeh.
  9576 | D:8      | Found a staircase to the Lair.
  9913 | D:8      | Reached skill level 9 in Spellcasting
 10092 | D:8      | Reached skill level 5 in Conjurations
 10092 | D:8      | Reached skill level 5 in Summonings
 10092 | D:8      | Reached skill level 5 in Translocations
 10175 | D:8      | Found a basalt altar of Yredelemnul.
 10478 | D:9      | Reached *** piety under Sif Muna
 11014 | D:9      | Learned a level 3 spell: Ignite Poison
 11030 | D:9      | Noticed a centaur warrior
 11033 | D:9      | Noticed a two-headed ogre
 11059 | D:9      | Killed a centaur warrior
 11059 | D:9      | Reached XP level 11. HP: 52/80 MP: 2/24
 11061 | D:9      | Killed a two-headed ogre
 11061 | D:9      | Reached skill level 5 in Hexes
 11061 | D:9      | Reached skill level 5 in Necromancy
 11061 | D:9      | Reached skill level 5 in Transmutations
 11061 | D:9      | Reached skill level 5 in Fire Magic
 11061 | D:9      | Reached skill level 5 in Ice Magic
 11061 | D:9      | Reached skill level 5 in Air Magic
 11061 | D:9      | Reached skill level 5 in Earth Magic
 11061 | D:9      | Reached skill level 5 in Poison Magic
 11240 | D:10     | Entered Level 10 of the Dungeon
 11258 | D:10     | Killed an unseen horror
 11675 | D:10     | Reached **** piety under Sif Muna
 12542 | D:10     | Found a roughly hewn altar of Beogh.
 12803 | D:11     | Noticed a four-headed hydra
 12894 | D:11     | Noticed a brown ugly thing
 12914 | D:11     | Killed a brown ugly thing
 12927 | D:11     | Reached ***** piety under Sif Muna
 13288 | D:11     | Received a gift from Sif Muna
 13308 | D:11     | Reached XP level 12. HP: 88/88 MP: 16/25
 13459 | D:11     | Learned a level 5 spell: Borgnjor's Vile Clutch
 13482 | D:11     | Reached skill level 10 in Spellcasting
 13577 | D:11     | Found an opulent altar of Gozag.
 13720 | D:11     | Killed a four-headed hydra
 14479 | D:12     | You fall into a shaft and drop 3 floors!
 14479 | D:15     | Entered Level 15 of the Dungeon
 14984 | D:15     | Noticed a two-headed ogre
 15000 | D:15     | Killed a two-headed ogre
 15159 | D:15     | Noticed a centaur warrior
 15168 | D:15     | Killed a centaur warrior
 15465 | D:15     | Noticed a five-headed hydra
 15500 | D:15     | Killed a five-headed hydra
 15500 | D:15     | Reached XP level 13. HP: 97/97 MP: 8/27
 16310 | D:13     | Noticed Maurice
 16324 | D:13     | Killed Maurice
 16631 | D:12     | Found a staircase to the Orcish Mines.
 17099 | D:13     | Noticed Jorgrun
 17112 | D:13     | Identified Sif Muna's Volume of Supportive Attacks (Sif
                  | Muna gifted it to you on level 13 of the Dungeon)
 17112 | D:13     | Received a gift from Sif Muna
 17118 | D:13     | Noticed Nessos
 17336 | D:13     | Noticed a vault guard
 17340 | D:13     | Noticed a vault guard
 17355 | D:12     | Killed a vault guard
 17415 | D:13     | Noticed a vault guard
 17416 | D:13     | Noticed a vault guard
 17432 | D:13     | Killed a vault guard
 17434 | D:13     | Killed a vault guard
 17436 | D:13     | Noticed a vault guard
 17561 | D:13     | Noticed a vault guard
 17583 | D:12     | Slain by Jorgrun

Illustrated notes

Levels and vault maps discovered:
D:1:      dpeg_arrival_another_circle, layout_basic
D:2:      layout_basic, nicolae_overflow_crystal_walls,
          chequers_serial_rivers_room_b, uniq_terence
D:3:      layout_loops_ring, elyvilon_altar_5
D:4:      layout_layer_cave, kennysheep_slug_shrine, lemuel_doored_altar,
          uniq_eustachio, uniq_menkaure
D:5:      layout_loops_ring, marbit_many_paths, temple_doors_e,
          nicolae_tso_carved_into_rock
D:6:      layout_cave_pools, serial_shops, shop, hangedman_abyss_or_decor_stabs,
          hangedman_decor_opposing, serial_bayou_crossing
D:7:      layout_loops_ring, serial_shops, kennysheep_mini,
          uniq_crazy_yiuf_cottage
D:8:      layout_rooms, vehumet_altar_wand_db,
          lemuel_mausoleum_altar_yredelemnul, minitemple, lair_entry_dummy,
          special_room [special_room_kobold]
D:9:      layout_rooms
D:10:     layout_roguey, special_room [special_room_orc]
D:11:     layout_cave_pools, serial_column_ruins, column_ruins_hut,
          column_ruins_hut, column_ruins_open_small,
          column_ruins_corridor_dead_end, column_ruins_corridor_straight,
          column_ruins_columns_plus, column_ruins_open_tiny,
          column_ruins_grid_1, column_ruins_grid_1, basic_altar
D:12:     layout_basic, orc_0_dummy
D:13:     layout_cave_pools, erik_vaults_2, uniq_jorgrun, uniq_nessos,
          uniq_maurice
D:14:     layout_basic, fedhas_altar_3, chequers_serial_rivers_small_3,
          uniq_frances, uniq_roxanne
D:15:     hangedman_depths_entry_try_elsewhere_first, layout_basic,
          minmay_misc_feat_diagonals,
          nicolae_gozag_cash_rules_everything_around_me
Temple:   nicolae_temple_great_sept

Skill      XL: |  1  2  3  4  5  6  7  8  9 10 11 12 13 |
---------------+----------------------------------------+-----
Conjurations   | 2 3 4 5 6 7 |  7.2
Summonings     | 2 3 4 5 6 7 |  7.2
Translocations | 2 3 4 5 6 7 |  7.2
Fighting       | 1 2 3 4 5 6 7 8 |  8.2
Short Blades   | 1 2 3 4 5 6 7 8 |  8.2
Long Blades    | 1 2 3 4 5 6 7 8 |  8.2
Axes           | 1 2 3 4 5 6 7 8 |  8.2
Maces & Flails | 1 2 3 4 5 6 7 8 |  8.2
Polearms       | 1 2 3 4 5 6 7 8 |  8.2
Staves         | 1 2 3 4 5 6 7 8 |  8.2
Slings         | 1 2 3 4 5 6 7 8 |  8.2
Bows           | 1 2 3 4 5 6 7 8 |  8.2
Crossbows      | 1 2 3 4 5 6 7 8 |  8.2
Throwing       | 1 2 3 4 5 6 7 8 |  8.2
Armour         | 1 2 3 4 5 6 7 8 |  8.2
Shields        | 1 2 3 4 5 6 7 8 |  8.2
Unarmed Combat | 1 2 3 4 5 6 7 8 |  8.2
Invocations    | 1 2 3 4 5 6 7 8 9 |  9.0
Evocations     | 1 2 3 4 5 6 7 8 |  8.2
Hexes          | 1 2 3 4 5 6 |  6.9
Necromancy     | 1 2 3 4 5 6 |  6.9
Transmutations | 1 2 3 4 5 6 |  6.9
Fire Magic     | 1 2 3 4 5 6 |  6.9
Ice Magic      | 1 2 3 4 5 6 |  6.9
Air Magic      | 1 2 3 4 5 6 |  6.9
Earth Magic    | 1 2 3 4 5 6 |  6.9
Poison Magic   | 1 2 3 4 5 6 |  6.9
Dodging        | 5 6 7 8 9 |  9.5
Stealth        | 5 6 7 8 9 |  9.3
Spellcasting   | 8 9 10 | 10.8

Action                   |  1- 3 |  4- 6 |  7- 9 | 10-12 | 13-15 || total
-------------------------+-------+-------+-------+-------+-------++-------
Melee: Dagger            |     4 |    43 |       |       |       ||    47
       Bite              |       |     8 |    30 |    71 |    18 ||   127
       Staff             |       |    32 |    16 |   339 |    57 ||   444
       Shortbow          |       |       |     4 |       |       ||     4
       Quarterstaff      |       |       |   105 |       |       ||   105
       Morningstar       |       |       |   165 |   237 |    19 ||   421
       Long sword        |       |       |       |    31 |       ||    31
       Unarmed           |       |       |       |    10 |       ||    10
 Fire: Shortbow          |       |       |    13 |       |       ||    13
Throw: Stone             |       |     5 |       |       |       ||     5
       Dart              |       |       |       |     2 |       ||     2
 Cast: Magic Dart        |    52 |   197 |   151 |   213 |    40 ||   653
       Mephitic Cloud    |     1 |     6 |    37 |   100 |    30 ||   174
       Blink             |     1 |     1 |    14 |     3 |     8 ||    27
       Ignite Poison     |       |       |       |    54 |    15 ||    69
       Borgnjor's Vile C |       |       |       |     6 |     6 ||    12
Evoke: Wand              |       |       |     5 |       |       ||     5
  Use: Potion            |       |       |     3 |       |     2 ||     5
       Scroll            |       |       |       |    19 |     3 ||    22
 Stab: Sleeping          |     1 |     4 |     2 |     6 |     1 ||    14
       Confused          |     2 |     3 |     9 |    43 |     5 ||    62
       Paralysed         |       |       |     2 |       |       ||     2
       Distracted        |       |       |       |     1 |       ||     1
Armor: Robe              |     2 |    24 |    15 |       |       ||    41
       Ring mail         |       |       |    64 |   115 |    22 ||   201
Dodge: Dodged            |     9 |    81 |   261 |   371 |    60 ||   782
Block: Buckler           |       |     3 |    46 |   159 |    24 ||   232
       Rpst.: Long sword |       |       |       |     5 |       ||     5

Table legend: (Time is in decaauts)
 A = Elapsed time spent in this place.
 B = Non-inter-level travel time spent in this place.
 C = Inter-level travel time spent in this place.
 D = Time resting spent in this place.
 E = Time spent auto-exploring this place.
 F = Levels seen in this place.
 G = Mean time per level.
                   A        B        C        D        E       F      G
               +--------+--------+--------+--------+--------+-----+--------+
         Total |  17700 |  17295 |    405 |   4011 |   5347 |  16 | 1106.2 |
       Dungeon |  17660 |  17255 |    405 |   4011 |   5347 |  15 | 1177.3 |
        Temple |     39 |     39 |      0 |      0 |      0 |   1 |   39.0 |
               +--------+--------+--------+--------+--------+-----+--------+

Top non-repeatable levels by time:
     D:7: 1960 daAuts
    D:10: 1851 daAuts
    D:12: 1714 daAuts
    D:15: 1683 daAuts
     D:4: 1659 daAuts
     D:8: 1436 daAuts
     D:3: 1401 daAuts
     D:2: 1206 daAuts
     D:1: 1056 daAuts
     D:6: 970 daAuts
     D:9: 924 daAuts
     D:5: 753 daAuts
    D:11: 629 daAuts
    D:13: 283 daAuts
    D:14: 129 daAuts
